[Event "Frauenbundesliga 2024-25"]
[Site "Germany"]
[Date "2024.11.17"]
[Round "2.4"]
[White "Peglau, Mirjam"]
[Black "Daulyte-Cornette, Deimante"]
[Result "0-1"]
[Annotator "TA"]
[ECO "D02"]
[WhiteElo "1964"]
[BlackElo "2371"]
[PlyCount "122"]
[EventDate "2024.11.06"]
[EventType "team-tourn"]
[EventCountry "GER"]
[SourceTitle "playchess.com"]
[Source "ChessBase"]
[SourceQuality "1"]
[TimeControl "40/5400+30:1800+30"]

1. d4 d5 2. Nf3 Nf6 3. Bf4 c5 4. c3 Qb6 5. Qb3 c4 6. Qxb6 axb6 7. Na3 Bd7 {[%emt 0:04:37][%cal Oe7e5] Against Nb5} 8. g3 e6 9. Nc2 Ba4 10. Nb4 (10. b3 $11 Bc6 11. Bg2) 10... Bxb4 $15 11. cxb4 Nc6 12. a3 {[%emt 0:07:49] White is weak on the light squares} Bc2 13. Bd2 Ne4 14. Bg2 O-O 15. Rc1 Nxd2 16. Nxd2 Bg6 (16... Nxd4 $2 17. e3 $18) 17. e3 Bd3 18. Bf1 Bg6 19. Bg2 Rfc8 20. O-O Ne7 21. Rc3 (21. e4 $11) 21... Nf5 22. Ra1 b5 23. Nf3 f6 24. Re1 Re8 25. Rcc1 Rad8 26. Red1 Bh5 27. h3 {[%emt 0:01:01] and g4 should not be overlooked} Bxf3 28. Bxf3 Nd6 29. Kg2 Nc8 30. Rd2 Nb6 31. Bd1 e5 32. Kf3 ({Better is} 32. dxe5 $11 fxe5 33. b3) 32... Kf7 33. Bc2 g6 34. Rcd1 e4+ 35. Kg2 c3 36. bxc3 Rc8 37. Ra1 $1 Rxc3 {[%emt 0:00:20] And now ...Ra8 would win.} 38. Bd1 Ra8 $36 {[%emt 0:01:55][%mdl 2048] Black is more active.} 39. Rda2 Ke7 40. Be2 Nc4 41. Kf1 (41. a4 $15 {is more appropriate.}) 41... Ra4 (41... Nxa3 42. Bxb5 f5 43. h4 $15) 42. Kg2 Kd6 (42... Nxa3 43. Bxb5 Ra8 (43... Rxb4 44. Rxa3 Rxa3 45. Rxa3 $11) 44. g4 $11) (42... Rcxa3 $2 43. Bxc4 Rxa2 44. Bxa2 $18) 43. Kf1 Kc6 {[%emt 0:00:48] Black is much more active.} (43... Rcxa3 44. Bxc4 Rxa2 45. Bxa2 $16) (43... Nxa3 44. Bxb5 Rxb4 45. Rxa3) 44. Bxc4 $2 (44. Bd1 $17) 44... bxc4 $17 {[%emt 0:01:39][%mdl 4096] Endgame KRR-KRR} (44... Rxc4 45. Ke2 $15) 45. Ke2 Rd3 46. g4 Kb5 47. Ke1 f5 48. gxf5 gxf5 49. Ke2 Ra6 (49... f4 50. exf4 Ra6 (50... Rxd4 $2 51. Rd2 $19) (50... Rxh3 $2 51. f5 $19) 51. Rg1 $19) 50. a4+ Kxb4 51. a5 Rb3 52. Kd2 Rg6 53. Rf1 Kb5 54. Rfa1 Rg2 55. Ke2 Ka6 ({Weaker is} 55... f4 56. exf4 Ka6 (56... Rxh3 57. a6 $11) 57. f5 $19) 56. Rh1 Rb5 ({Much less strong is} 56... f4 57. exf4 Rf3 58. Kf1 $19) 57. Raa1 (57. Rha1 $142) 57... Rb2+ $19 58. Ke1 Rgxf2 59. Rg1 Rbe2+ 60. Kd1 Rxe3 61. Rg7 Rf1+ 0-1

[Event "Frauenbundesliga 2024-25"]
[Site "Germany"]
[Date "2024.11.17"]
[Round "2.5"]
[White "Milliet, Sophie"]
[Black "Just, Anita"]
[Result "1-0"]
[Annotator "TA"]
[ECO "C17"]
[WhiteElo "2366"]
[BlackElo "1920"]
[PlyCount "65"]
[EventDate "2024.11.06"]
[EventType "team-tourn"]
[EventCountry "GER"]
[SourceTitle "playchess.com"]
[Source "ChessBase"]
[SourceQuality "1"]
[TimeControl "40/5400+30:1800+30"]

1. e4 e6 2. d4 d5 3. Nc3 Bb4 4. e5 c5 5. dxc5 Bxc3+ 6. bxc3 Qa5 7. Bd2 Ne7 8. Qg4 {[%emt 0:08:10] The position is equal.} Ng6 9. Nf3 Nc6 (9... Nd7 $11 {remains equal.}) 10. Bd3 $16 Qxc5 11. O-O Bd7 12. Rab1 b6 13. h4 {[%emt 0:05:40][%cal Bh2h4,Bh4h5][%mdl 32] And now h5 would win.} Qf8 14. Rfe1 {[%emt 0:03:39] White is much more active. The black rooks are passive.} f5 $2 (14... Rc8 $16 {was necessary.} 15. h5 Nge7) 15. exf6 $18 Qxf6 16. Bg5 Qf7 17. h5 Nge7 18. Bxe7 Qxe7 19. Bf5 (19. Qg3 $18) 19... e5 $2 {[%emt 0:09:25] [#]} (19... O-O-O $16) 20. Nxe5 $1 {[%emt 0:02:17][%cal Rf5d7][%mdl 512] White is clearly winning.} Nxe5 (20... Bxf5 21. Qxf5) 21. Bxd7+ Kd8 {[%emt 0:02:04][%cal Be8d8,Bd8e7,Be7f6,Bf6g5,Bg5f6,Bf6e5][%mdl 32] [#] Black is weak on the light squares} 22. Rxe5 $1 Qxe5 23. Bc6 Ke7 24. Qd7+ Kf6 25. Bxa8 Re8 26. Bxd5 Re7 27. Qc6+ Kg5 28. Bf3 {[%emt 0:00:34] Rb5 would now be deadly.} Rc7 29. Rb5 Rxc6 30. Rxe5+ Kf6 31. Bxc6 Kxe5 32. Kf1 h6 33. Ke2 {[%emt 0:00:05] White took control after the opening.   Weighted Error Value: White=0.15 (very precise) /Black=0.64.  Loses game:     	---       	Black=1      Mistake:       	White=1     	Black=2      Inaccurate:     	---       	Black=2      OK:         	White=6     	Black=3      Best:        	White=3     	Black=1      Brilliant:      	White=1     	---} 1-0

[Event "Frauenbundesliga 2024-25"]
[Site "Germany"]
[Date "2024.11.17"]
[Round "2.5"]
[White "Brandt, Carina"]
[Black "Zatonskih, Anna"]
[Result "1/2-1/2"]
[Annotator "RC"]
[ECO "C11"]
[WhiteElo "2050"]
[BlackElo "2303"]
[PlyCount "26"]
[EventDate "2024.11.06"]
[EventType "team-tourn"]
[EventCountry "GER"]
[SourceTitle "playchess.com"]
[Source "ChessBase"]
[SourceQuality "1"]
[TimeControl "40/5400+30:1800+30"]

1. e4 e6 2. d4 d5 3. Nc3 Nf6 4. e5 Nfd7 5. f4 c5 6. Nf3 Nc6 7. Be3 a6 8. Qd2 b5 9. dxc5 Bxc5 10. Bd3 Qb6 11. Bf2 b4 12. Na4 Bxf2+ 13. Qxf2 Qxf2+ 1/2-1/2

[Event "Frauenbundesliga 2024-25"]
[Site "Germany"]
[Date "2024.11.17"]
[Round "2.6"]
[White "Heinemann, Josefine"]
[Black "Rosmait, Emily"]
[Result "1-0"]
[Annotator "RC"]
[ECO "B30"]
[WhiteElo "2314"]
[BlackElo "1954"]
[PlyCount "85"]
[EventDate "2024.11.06"]
[EventType "team-tourn"]
[EventCountry "GER"]
[SourceTitle "playchess.com"]
[Source "ChessBase"]
[SourceQuality "1"]
[TimeControl "40/5400+30:1800+30"]

1. e4 c5 2. Nf3 Nc6 3. Bb5 e6 4. Bxc6 bxc6 5. b3 d5 6. d3 Ba6 7. Nbd2 Nf6 8. e5 Nd7 9. O-O Be7 10. Qe2 Qc7 11. c4 g5 12. Bb2 h5 13. Nb1 g4 14. Nfd2 Bg5 15. f4 gxf3 16. Nxf3 Be7 17. Nc3 O-O-O 18. Rae1 Rdg8 19. Bc1 h4 20. Nd1 Rh7 21. Kh1 Rhg7 22. Rg1 Nf8 23. Bh6 Rh7 24. Bxf8 Bxf8 25. Nf2 Kb8 26. h3 Bc8 27. Ng4 Rxg4 28. hxg4 h3 29. g3 Rg7 30. Nh2 Be7 31. Rgf1 Qd8 32. Rf3 f5 33. gxf5 exf5 34. Nf1 Be6 35. Ne3 Qg8 36. Qf2 Rg5 37. Kh2 Qg6 38. Rf1 Bd8 39. Nxf5 Bc7 40. Ne7 Qg7 41. Qxc5 Bd7 42. Nxc6+ Kb7 43. Qxa7+ 1-0

[Event "Frauenbundesliga 2024-25"]
[Site "Germany"]
[Date "2024.11.17"]
[Round "2.6"]
[White "Peglau, Sarah"]
[Black "Papp, Petra"]
[Result "0-1"]
[Annotator "RC"]
[ECO "A21"]
[WhiteElo "1859"]
[BlackElo "2239"]
[PlyCount "56"]
[EventDate "2024.11.06"]
[EventType "team-tourn"]
[EventCountry "GER"]
[SourceTitle "playchess.com"]
[Source "ChessBase"]
[SourceQuality "1"]
[TimeControl "40/5400+30:1800+30"]

1. Nf3 g6 2. g3 Bg7 3. Bg2 e5 4. d3 d6 5. c4 f5 6. Nc3 Nf6 7. Bg5 c6 8. h4 h6 9. Bd2 Ng4 10. e3 O-O 11. Qe2 a5 12. O-O-O a4 13. Nh2 a3 14. b3 Na6 15. f3 Nxh2 16. Rxh2 d5 17. g4 Nc5 18. Kc2 d4 19. Nb1 fxg4 20. fxg4 Qb6 21. b4 Ra4 22. Rf1 Rxf1 23. Bxf1 Rxb4 24. Bxb4 Qxb4 25. Kc1 e4 26. dxe4 d3 27. Qd2 Qa4 28. Bxd3 Bb2+ 0-1

[Event "Frauenbundesliga 2024-25"]
[Site "Germany"]
[Date "2024.11.17"]
[Round "2.7"]
[White "Roebers, Eline"]
[Black "Butenandt, Svenja"]
[Result "1-0"]
[Annotator "TA"]
[ECO "B12"]
[WhiteElo "2348"]
[BlackElo "2122"]
[PlyCount "125"]
[EventDate "2024.11.06"]
[EventType "team-tourn"]
[EventCountry "GER"]
[SourceTitle "playchess.com"]
[Source "ChessBase"]
[SourceQuality "1"]
[TimeControl "40/5400+30:1800+30"]

1. e4 c6 2. d4 d5 3. e5 Bf5 4. Be3 Qb6 5. Qc1 e6 6. Nf3 c5 7. c3 Nc6 8. a4 Bxb1 9. Qxb1 a6 10. Be2 cxd4 11. Nxd4 Nxd4 12. Bxd4 Bc5 13. a5 Qa7 14. Bxc5 Qxc5 15. O-O Ne7 16. Qd3 Qc7 17. f4 g6 18. Bd1 Nc6 19. Ba4 O-O 20. b4 Ne7 21. Rf3 Rac8 22. Raf1 (22. Bd1 $11) 22... Qc4 (22... Rfd8 $17 {and ...b5 should not be overlooked} 23. g3 d4) 23. Qd1 $11 Rfd8 24. Rd3 (24. g4 $11) 24... h5 $15 25. Bb3 {[%emt 0:00:42] [#]} ({Better is} 25. Rf2 $15) 25... Qc7 $1 $17 26. Qd2 Nf5 27. Qf2 Qe7 28. Rfd1 Kg7 29. Qe1 Rh8 30. Ba2 Rhd8 (30... b6 $15 31. c4 (31. axb6 Qb7 $17) 31... bxa5 (31... dxc4 32. Rd7 $17) 32. cxd5 exd5 (32... Qxb4 33. dxe6 fxe6 34. Qxb4 $16) 33. Bxd5 (33. bxa5 d4 $15) 33... axb4 (33... Qxb4 34. Be4 $15)) 31. g3 (31. Bb3 $11) 31... Rh8 (31... Rb8 $15) 32. c4 $1 $11 d4 (32... dxc4 $5 33. Rd7 $8 Qe8 $18) 33. c5 Rcd8 34. Bb1 h4 35. g4 Ne3 36. R1d2 Nxg4 {[%emt 0:01:05] [#]} (36... h3 $11 37. Rxd4 Rxd4 (37... Nxg4 38. Rd6 $16) 38. Rxd4 Nxg4) 37. Rxd4 (37. h3 $1 $16 Ne3 38. Rxd4) 37... h3 (37... Rxd4 $11 {keeps the balance.} 38. Rxd4 h3) 38. Rd6 $16 Nh6 $2 (38... Rxd6 $16 39. cxd6 (39. exd6 Qd7 $11) 39... Qd7) 39. Qg3 $18 Nf5 $2 (39... Rhe8 40. Qxh3 Kh7) 40. Bxf5 $18 exf5 41. Qc3 Qh4 42. e6+ Kh6 43. Qg3 $2 (43. exf7 $2 Qe1#) (43. R2d3) 43... Qxg3+ $18 44. hxg3 Rxd6 45. Rxd6 (45. cxd6 fxe6 46. Kh2 Rd8 $15) 45... fxe6 46. Rxe6 Rh7 47. Kh2 Rd7 (47... Kh5 {was called for.} 48. Kxh3 g5) 48. Kxh3 $18 Kg7 $2 (48... Kh5 49. Rf6 Re7) 49. Rb6 $18 Rc7 50. Kh4 Kh6 51. g4 fxg4 52. f5 Rf7 53. Rxg6+ Kh7 54. Kxg4 Rd7 55. Rb6 Kg7 56. Kg5 Kf7 57. c6 bxc6 58. Rxc6 Rb7 59. Rb6 Ra7 60. b5 axb5 61. a6 Ra8 62. Rb7+ ({Not} 62. Rxb5 Rxa6 63. Rb7+ Kg8 $11) 62... Kf8 63. a7 ({Worse is} 63. Rxb5 Rxa6 64. Rb7 Ke8 $11) 1-0

[Event "Frauenbundesliga 2024-25"]
[Site "Germany"]
[Date "2024.11.17"]
[Round "2.7"]
[White "Klek, Hanna Marie"]
[Black "Reizniece-Ozola, Dana"]
[Result "1-0"]
[Annotator "RC"]
[ECO "B94"]
[WhiteElo "2289"]
[BlackElo "2255"]
[PlyCount "91"]
[EventDate "2024.11.06"]
[EventType "team-tourn"]
[EventCountry "GER"]
[SourceTitle "playchess.com"]
[Source "ChessBase"]
[SourceQuality "1"]
[TimeControl "40/5400+30:1800+30"]

1. e4 c5 2. Nf3 d6 3. d4 cxd4 4. Nxd4 Nf6 5. Nc3 a6 6. Bg5 Nbd7 7. Qe2 e6 8. O-O-O Be7 9. f4 Qc7 10. Nf3 Nc5 11. e5 dxe5 12. fxe5 Nd5 13. Nxd5 exd5 14. Bxe7 Qxe7 15. Rxd5 Be6 16. Rd6 O-O 17. Qe3 Rac8 18. Kb1 f6 19. Be2 fxe5 20. Rhd1 Bf5 21. Bc4+ Kh8 22. Qxe5 Qxe5 23. Nxe5 g6 24. R6d4 b5 25. Bd5 Rc7 26. g4 Bc8 27. h3 Kg7 28. c4 Re7 29. Nc6 Re3 30. cxb5 axb5 31. h4 Rf2 32. Rb4 Nd3 33. Rxb5 Bxg4 34. Rb7+ Kh6 35. Rg1 Ree2 36. a4 Bf5 37. Ka1 Rxb2 38. Rxb2 Nxb2 39. a5 Na4 40. Rc1 Rf4 41. Ka2 Bd3 42. Ka3 Rxh4 43. Bb3 Bb5 44. Na7 Bd7 45. Nc6 Rh5 46. Kxa4 1-0

[Event "Frauenbundesliga 2024-25"]
[Site "Germany"]
[Date "2024.11.17"]
[Round "2.8"]
[White "Rogule, Laura"]
[Black "Doluhanova, Evgeniya"]
[Result "1/2-1/2"]
[Annotator "RC"]
[ECO "E00"]
[WhiteElo "2247"]
[BlackElo "2261"]
[PlyCount "104"]
[EventDate "2024.11.06"]
[EventType "team-tourn"]
[EventCountry "GER"]
[SourceTitle "playchess.com"]
[Source "ChessBase"]
[SourceQuality "1"]
[TimeControl "40/5400+30:1800+30"]

1. d4 Nf6 2. c4 e6 3. g3 d5 4. Bg2 Bb4+ 5. Nd2 c6 6. Qc2 O-O 7. Ngf3 Ne4 8. O-O f5 9. a3 Be7 10. b4 Nd7 11. Bb2 Nxd2 12. Nxd2 a5 13. b5 cxb5 14. cxd5 Nb6 15. dxe6 Bxe6 16. Bxb7 Rb8 17. Bg2 Na4 18. Rfb1 Qd6 19. Qd3 Bf6 20. e3 Rfc8 21. Bc1 Nc3 22. Rb2 Na2 23. Rbxa2 Bxa2 24. Qxf5 Be6 25. Qd3 Bc4 26. Qb1 Bf7 27. Ne4 Qe7 28. Bd2 b4 29. axb4 axb4 30. Ra6 b3 31. Nxf6+ gxf6 32. Be4 Kh8 33. Bf5 Rc7 34. Qb2 Bc4 35. Ra5 Be6 36. Bb1 Bf7 37. e4 Rbc8 38. d5 Rc2 39. Bxc2 Rxc2 40. Qxb3 Rxd2 41. Qe3 Rd1+ 42. Kg2 Qe5 43. Qe2 Rd4 44. Ra8+ Kg7 45. Qg4+ Qg5 46. Qxg5+ fxg5 47. Kf3 Rxd5 48. exd5 Bxd5+ 49. Kg4 Bxa8 50. Kxg5 Bf3 51. h3 Bg2 52. Kh4 Kg6 1/2-1/2

[Event "Frauenbundesliga 2024-25"]
[Site "Germany"]
[Date "2024.11.17"]
[Round "2.8"]
[White "Gueci, Tea"]
[Black "Lubbe, Melanie"]
[Result "0-1"]
[Annotator "RC"]
[ECO "B52"]
[WhiteElo "2167"]
[BlackElo "2233"]
[PlyCount "98"]
[EventDate "2024.11.06"]
[EventType "team-tourn"]
[EventCountry "GER"]
[SourceTitle "playchess.com"]
[Source "ChessBase"]
[SourceQuality "1"]
[TimeControl "40/5400+30:1800+30"]

1. e4 c5 2. Nf3 d6 3. Bb5+ Bd7 4. c4 Nf6 5. Nc3 g6 6. Bxd7+ Qxd7 7. d3 Nc6 8. O-O Bg7 9. h3 O-O 10. Be3 Ne8 11. Qd2 Nc7 12. Nh2 Nd4 13. f4 b5 14. cxb5 Ncxb5 15. Nxb5 Qxb5 16. f5 Rab8 17. Rab1 Nc6 18. Ng4 Ne5 19. Nxe5 Bxe5 20. Rf2 Qb4 21. Qe2 a5 22. Qg4 Bd4 23. Bxd4 Qxd4 24. Qe2 Rb4 25. Rc1 Rfb8 26. Rc2 a4 27. fxg6 hxg6 28. h4 Qe5 29. Qf3 f6 30. Qe2 Kg7 31. Qd2 Rh8 32. Qf4 Qe6 33. a3 Rd4 34. Rc3 d5 35. exd5 Qxd5 36. Qe3 Qd6 37. g3 Rh5 38. Rg2 Re5 39. Qd2 Red5 40. Qc2 Rxd3 41. Rxd3 Rxd3 42. Qxa4 Rd1+ 43. Kh2 Rd4 44. Qc2 Rxh4+ 45. Kg1 Rh3 46. Qc3 Qd1+ 47. Kf2 Rh1 48. g4 Rf1+ 49. Kg3 Qd6+ 0-1

[Event "Frauenbundesliga 2024-25"]
[Site "Germany"]
[Date "2024.11.17"]
[Round "2.9"]
[White "Koepke, Elena"]
[Black "Berzina, Ilze"]
[Result "0-1"]
[Annotator "RC"]
[ECO "B10"]
[WhiteElo "2237"]
[BlackElo "2193"]
[PlyCount "142"]
[EventDate "2024.11.06"]
[EventType "team-tourn"]
[EventCountry "GER"]
[SourceTitle "playchess.com"]
[Source "ChessBase"]
[SourceQuality "1"]
[TimeControl "40/5400+30:1800+30"]

1. e4 c6 2. Nf3 d5 3. d3 Bg4 4. h3 Bxf3 5. Qxf3 e6 6. g3 Nd7 7. Bg2 Ngf6 8. Nd2 Bc5 9. Qe2 dxe4 10. Nxe4 Nxe4 11. Qxe4 O-O 12. O-O e5 13. Kh2 Bd6 14. f4 Nf6 15. Qf3 exf4 16. Bxf4 Bxf4 17. Qxf4 Qb6 18. b3 Rfe8 19. Rf2 Re6 20. Raf1 Rae8 21. d4 Rd8 22. c3 h6 23. Rd2 Qa5 24. c4 Rd7 25. Rfd1 Qc3 26. Rd3 Qb2 27. R1d2 Qc1 28. Qb8+ Kh7 29. Qxa7 Ne4 30. Rd1 Qg5 31. Rf1 Nd2 32. Rf2 Ne4 33. Rf1 Nd2 34. Rf2 Ne4 35. Bxe4+ Rxe4 36. d5 cxd5 37. cxd5 Re1 38. Qd4 Qc1 39. Qf4 Rh1+ 40. Kg2 Qg1+ 41. Kf3 g6 42. h4 Rh3 43. d6 Qb1 44. Qd4 Rh1 45. Rdd2 Re1 46. Qd3 Qc1 47. Qc4 Qa1 48. Qf4 f5 49. Qd4 Qb1 50. Qd3 Qa1 51. Qd4 Qb1 52. Qa4 Rf7 53. Qc4 Rd7 54. Rde2 Qd1 55. Qe6 Rxd6 56. Qe7+ Kg8 57. Qe8+ Kg7 58. Qe7+ Kg8 59. Qxd6 Qxd6 60. Rxe1 Qd5+ 61. Ke2 Qe5+ 62. Kf1 Qxg3 63. Rg2 Qxh4 64. Rxg6+ Kf7 65. Rg2 f4 66. Rf2 Kf6 67. Re8 Qh1+ 68. Ke2 Qh5+ 69. Kf1 Qxe8 70. Rxf4+ Kg5 71. Rc4 b5 0-1

[Event "Frauenbundesliga 2024-25"]
[Site "Germany"]
[Date "2024.11.17"]
[Round "2.9"]
[White "Ziegenfuss, Antonia"]
[Black "Khrapko, Marharyta"]
[Result "1-0"]
[Annotator "RC"]
[ECO "E73"]
[WhiteElo "2187"]
[BlackElo "2156"]
[PlyCount "79"]
[EventDate "2024.11.06"]
[EventType "team-tourn"]
[EventCountry "GER"]
[SourceTitle "playchess.com"]
[Source "ChessBase"]
[SourceQuality "1"]
[TimeControl "40/5400+30:1800+30"]

1. d4 Nf6 2. c4 g6 3. Nc3 Bg7 4. e4 d6 5. Be2 O-O 6. Be3 Nc6 7. d5 Ne5 8. h3 e6 9. Nf3 Nxf3+ 10. Bxf3 Nd7 11. Qd2 Nc5 12. Rd1 a5 13. dxe6 Bxe6 14. b3 a4 15. b4 Nd7 16. Be2 c6 17. Qc2 Qb8 18. O-O Ne5 19. c5 dxc5 20. Bxc5 Re8 21. Nxa4 Nd7 22. Rxd7 Bxd7 23. Nb6 Qc7 24. Nxa8 Rxa8 25. Bc4 Re8 26. Rd1 Be6 27. Bxe6 Rxe6 28. Qd3 Re8 29. a3 h5 30. Qd7 Qe5 31. Qxb7 Qxe4 32. a4 Qc2 33. Qd7 Re2 34. a5 Qa4 35. Qd3 Ra2 36. Re1 Kh7 37. Re7 Ra1+ 38. Kh2 Rd1 39. Qf3 f5 40. Qc3 1-0

[Event "Frauenbundesliga 2024-25"]
[Site "Germany"]
[Date "2024.11.17"]
[Round "2.10"]
[White "Exler, Veronika"]
[Black "Fuchs, Judith"]
[Result "1/2-1/2"]
[Annotator "RC"]
[ECO "B13"]
[WhiteElo "2169"]
[BlackElo "2225"]
[PlyCount "64"]
[EventDate "2024.11.06"]
[EventType "team-tourn"]
[EventCountry "GER"]
[SourceTitle "playchess.com"]
[Source "ChessBase"]
[SourceQuality "1"]
[TimeControl "40/5400+30:1800+30"]

1. e4 c6 2. d4 d5 3. exd5 cxd5 4. Bd3 Nc6 5. c3 Qc7 6. Ne2 Bg4 7. O-O Nf6 8. Qe1 Bxe2 9. Qxe2 e6 10. Nd2 Bd6 11. g3 a6 12. f4 O-O 13. Nf3 b5 14. Bd2 Ra7 15. b4 Qb6 16. a4 bxa4 17. Rxa4 a5 18. b5 Ne7 19. Ne5 Bc7 20. g4 Rd8 21. g5 Ne4 22. Bxe4 dxe4 23. Rb1 Bxe5 24. fxe5 Qb7 25. Rba1 Nf5 26. Rxa5 Rxa5 27. Rxa5 e3 28. Bxe3 Qe4 29. Kf2 Qh4+ 30. Kg2 Qe4+ 31. Kf2 Qh4+ 32. Kg2 Qe4+ 1/2-1/2

[Event "Frauenbundesliga 2024-25"]
[Site "Germany"]
[Date "2024.11.17"]
[Round "2.10"]
[White "Ter-Avetisjana, Agnesa Stepania"]
[Black "Nebolsina, Vera"]
[Result "0-1"]
[Annotator "RC"]
[ECO "B52"]
[WhiteElo "2125"]
[BlackElo "2201"]
[PlyCount "132"]
[EventDate "2024.11.06"]
[EventType "team-tourn"]
[EventCountry "GER"]
[SourceTitle "playchess.com"]
[Source "ChessBase"]
[SourceQuality "1"]
[TimeControl "40/5400+30:1800+30"]

1. e4 c5 2. Nf3 d6 3. Bb5+ Bd7 4. Bxd7+ Qxd7 5. O-O Nc6 6. c3 Nf6 7. Qe2 g6 8. d4 cxd4 9. cxd4 Bg7 10. Nc3 O-O 11. h3 Rac8 12. Rd1 Ne8 13. Be3 Na5 14. Rac1 Nc7 15. d5 b5 16. b4 Nc4 17. Bxa7 f5 18. Bd4 Bh6 19. e5 Bxc1 20. e6 Qe8 21. Rxc1 f4 22. Qe4 Rf5 23. Nh4 Rh5 24. g3 Ne5 25. Ne2 fxg3 26. fxg3 Qf8 27. Nf4 Rg5 28. Kh2 Na6 29. Rf1 Rc4 30. Rf2 Nxb4 31. Kg2 Qc8 32. Ne2 Nc2 33. Qf4 Rh5 34. Qd2 Nxd4 35. Nxd4 Qc5 36. Qf4 Qxd5+ 37. Kh2 Qa8 38. Qf7+ Nxf7 39. exf7+ Kh8 40. f8=Q+ Qxf8 41. Rxf8+ Kg7 42. Ne6+ Kh6 43. Rf7 Rc2+ 44. Ng2 Rf5 45. Rxf5 gxf5 46. Nd4 Rxa2 47. Nxb5 Kg5 48. Kg1 Kf6 49. Ne3 Rb2 50. Nd4 e6 51. Kf1 d5 52. Nf3 Rb4 53. Ke2 d4 54. Nd1 e5 55. g4 e4 56. Nd2 Ra4 57. gxf5 Ra2 58. Ke1 Kxf5 59. Nb3 Ke5 60. Nf2 Kd5 61. Ng4 e3 62. Nf6+ Kc4 63. Nc1 Ra1 64. Kd1 d3 65. Ne4 e2+ 66. Kd2 Rxc1 0-1

[Event "Frauenbundesliga 2024-25"]
[Site "Germany"]
[Date "2024.11.17"]
[Round "2.11"]
[White "Jelica, Mara"]
[Black "Endress, Anna"]
[Result "1-0"]
[Annotator "COMBH"]
[ECO "B80"]
[WhiteElo "2064"]
[BlackElo "2096"]
[PlyCount "121"]
[EventDate "2024.11.06"]
[EventType "team-tourn"]
[EventCountry "GER"]
[SourceTitle "playchess.com"]
[Source "ChessBase"]
[SourceQuality "1"]
[TimeControl "40/5400+30:1800+30"]

1. e4 c5 2. Nf3 e6 3. d4 cxd4 4. Nxd4 Nc6 5. Nc3 Qc7 6. Be3 Nf6 7. a3 a6 8. Bd3 Be7 9. Qe2 d6 10. f4 O-O 11. O-O Bd7 12. Kh1 Rfe8 13. Nf3 b5 14. e5 Ng4 15. Ng5 Bxg5 16. exd6 Qxd6 17. Ne4 Qc7 18. Qxg4 Be7 19. Ng5 f5 20. Qh5 Bxg5 21. Qxg5 Qd8 22. Qg3 Qf6 23. Rad1 Qxb2 24. Bxf5 exf5 25. Rxd7 Qc3 26. Bc5 Qxg3 27. hxg3 Rad8 28. Rfd1 Rxd7 29. Rxd7 Rd8 30. Rc7 Nd4 31. Be7 Rd5 32. Bb4 Ne2 33. Kh2 a5 34. Rc8+ Kf7 35. Rf8+ Kg6 36. Bxa5 Rc5 37. Rb8 Rxc2 38. Rxb5 Nd4 39. Rb1 Kf7 40. Rd1 Ne2 41. Rd2 Rxd2 42. Bxd2 Ke6 43. Kh3 Kd5 44. a4 Nd4 45. a5 Ne6 46. a6 Nc7 47. a7 Ke6 48. Ba5 Na8 49. Kh4 Kf6 50. Kh5 h6 51. Bc3+ Kf7 52. g4 fxg4 53. f5 g3 54. Kg4 Nc7 55. Kxg3 g6 56. f6 Ke6 57. Kf3 Na8 58. Ke4 Nc7 59. Ba5 Na8 60. Bd8 g5 61. g4 1-0

[Event "Frauenbundesliga 2024-25"]
[Site "Germany"]
[Date "2024.11.17"]
[Round "2.11"]
[White "Rogozenco, Teodora"]
[Black "Schloffer, Jasmin-Denise"]
[Result "0-1"]
[Annotator "RC"]
[ECO "E01"]
[WhiteElo "2012"]
[BlackElo "2168"]
[PlyCount "54"]
[EventDate "2024.11.06"]
[EventType "team-tourn"]
[EventCountry "GER"]
[SourceTitle "playchess.com"]
[Source "ChessBase"]
[SourceQuality "1"]
[TimeControl "40/5400+30:1800+30"]

1. d4 Nf6 2. g3 d5 3. Bg2 e6 4. c4 Bb4+ 5. Bd2 Bd6 6. Nc3 c6 7. e4 dxe4 8. Nxe4 Nxe4 9. Bxe4 Nd7 10. Bg2 O-O 11. Ne2 e5 12. d5 cxd5 13. cxd5 f5 14. O-O b6 15. Re1 Ba6 16. Bc3 Nc5 17. Nc1 Qc7 18. Re3 Rad8 19. a3 e4 20. Bf1 Bxf1 21. Kxf1 f4 22. gxf4 Bxf4 23. Rh3 Qf7 24. Qh5 g6 25. Qe2 Rxd5 26. Na2 Rf5 27. Bd4 Be5 0-1

[Event "Frauenbundesliga 2024-25"]
[Site "Germany"]
[Date "2024.11.17"]
[Round "2.12"]
[White "Stangl, Anita"]
[Black "Sickmann, Lisa"]
[Result "0-1"]
[Annotator "COMBH"]
[ECO "B57"]
[WhiteElo "2048"]
[BlackElo "2123"]
[PlyCount "112"]
[EventDate "2024.11.06"]
[EventType "team-tourn"]
[EventCountry "GER"]
[SourceTitle "playchess.com"]
[Source "ChessBase"]
[SourceQuality "1"]
[TimeControl "40/5400+30:1800+30"]

1. e4 c5 2. Nf3 e6 3. d4 cxd4 4. Nxd4 Nf6 5. Bd3 Nc6 6. Nb3 Qc7 7. Nc3 a6 8. O-O Be7 9. f4 d6 10. Be3 b5 11. h3 Bb7 12. Ne2 Nb4 13. a3 Nxd3 14. cxd3 O-O 15. Rc1 Qd7 16. Na5 Rac8 17. Nxb7 Qxb7 18. Qd2 Nd7 19. f5 Nc5 20. Qd1 Bf6 21. b4 Na4 22. fxe6 fxe6 23. Qb3 Qf7 24. Nf4 Rxc1 25. Rxc1 Bb2 26. Rc2 e5 27. Nd5 Kh8 28. Rf2 Qe8 29. Rxb2 Nxb2 30. Qxb2 Qf7 31. Qf2 Qxf2+ 32. Bxf2 Rc8 33. Bh4 Rc2 34. Be7 Rd2 35. Bxd6 Rxd3 36. Bxe5 Rxa3 37. Bd6 Rd3 38. Kf2 Kg8 39. Bc5 Rd2+ 40. Kf3 Rc2 41. Nc7 a5 42. Nxb5 axb4 43. Bd4 b3 44. Na3 Rd2 45. Be5 b2 46. Ke3 Rxg2 47. Kd3 g5 48. Kc4 h5 49. Kb3 h4 50. Bxb2 g4 51. Bf6 gxh3 52. Be5 h2 53. Bxh2 Rxh2 54. Nc4 h3 55. Ne3 Re2 56. Ng4 h2 0-1

[Event "Frauenbundesliga 2024-25"]
[Site "Germany"]
[Date "2025.01.25"]
[Round "3.1"]
[White "Paehtz, Elisabeth"]
[Black "Maltsevskaya, Aleksandra"]
[Result "1/2-1/2"]
[Annotator "TA"]
[ECO "B15"]
[WhiteElo "2428"]
[BlackElo "2368"]
[PlyCount "45"]
[EventDate "2024.11.06"]
[EventType "team-tourn"]
[EventCountry "GER"]
[SourceTitle "playchess.com"]
[Source "ChessBase"]
[SourceQuality "1"]
[WhiteTeam "Baden-Baden"]
[BlackTeam "Bad Koenigshofen"]
[TimeControl "40/5400+30:1800+30"]

1. e4 c6 2. Nc3 d5 3. Nf3 g6 4. d4 dxe4 5. Nxe4 Bg7 6. h3 Nd7 7. Bd3 Ngf6 8. O-O Nxe4 9. Bxe4 O-O 10. c3 e5 11. Bc2 {[%emt 0:00:00] 11.Bg5 is the modern continuation. B15: Caro-Kann: 3 Nc3: 3...g6 and 3...dxe4 4 Nxe4 Nf6 5 Nxf6+ exf6.} exd4 12. Nxd4 Re8 13. Be3 Ne5 14. Bb3 $146 (14. Qe2 c5 15. Nb5 Be6 16. b3 Qb6 17. Rad1 Rad8 18. Rxd8 Rxd8 19. c4 Nc6 20. Bf4 {½-½ Wagner,R (2176)-Grabner,H (2190) AUT Wien-ch4 email 2012}) 14... Qh4 (14... b6 $11) 15. Nf3 (15. Qd2 $16 {aiming for Bg5.} Bxh3 16. Bg5 (16. gxh3 Qxh3 17. Bg5 Qg4+ 18. Kh2 h6 $11)) 15... Nxf3+ $11 {[%emt 0:00:00] The position is equal.} 16. Qxf3 Be6 17. Bxe6 Rxe6 18. Rfd1 Qe7 {[%emt 0:00:00] Dodges Rd7} 19. Rd2 Rd8 20. Rad1 Rxd2 21. Rxd2 a6 22. Qd1 Bf8 23. Rd7 {[%emt 0:00:00] Weighted Error Value: White=0.17 (very precise) /Black=0.10 (very precise)   Mistake:       	White=1     	Black=1      OK:         	White=1     	Black=7} 1/2-1/2